 Dungeon Crawl Stone Soup version 0.31-a0-229-g1fc7ce93e2 (webtiles) character file.

Game seed: 414073318015238217

67 qw the Shooter (level 4, -3/36 HPs)
             Began as a Minotaur Hexslinger on July 6, 2023.
             Slain by a gnoll
             ... wielding a +0 flail
              (5 damage)
             ... on level 2 of the Dungeon.
             The game lasted 00:00:36 (1191 turns).

qw the Shooter (Minotaur Hexslinger)                Turns: 1191, Time: 00:00:37

Health: -3/36      AC:  5    Str: 12    XL:     4   Next: 0%
Magic:  4/4        EV: 11    Int: 10    God:
Gold:   69         SH:  0    Dex: 15    Spells: 4/5 levels left

rFire   . . .        Y - +1 sling
rCold   . . .        (no shield)
rNeg    . . .        i - +0 ring mail
rPois   .            (helmet restricted)
rElec   .            (no cloak)
rCorr   .            (no gloves)
SInv    .            (no boots)
Will    .....        (no amulet)
Stlth   +            (no ring)
HPRegen 0.26/turn    (no ring)
MPRegen 0.09/turn

%: no passive effects
@: no status effects
A: horns 2, retaliatory headbutt
a: no special abilities


You were on level 2 of the Dungeon.
You visited 1 branch of the dungeon, and saw 2 of its levels.

You collected 69 gold pieces.


Innate Abilities, Weirdness & Mutations

You have a pair of horns on your head.
You reflexively headbutt those who attack you in melee.


   Skills:
 - Level 2.0 Fighting
 + Level 4.3 Ranged Weapons
 - Level 1.0 Armour
 - Level 2.1 Dodging
 - Level 1.0 Spellcasting
 - Level 2.0 Hexes


You had 4 spell levels left.
You knew the following spells:

 Your Spells              Type           Power      Damage    Failure   Level
a - Slow                  Hex            16%        N/A       34%         1

Your spell library contained the following spells:

 Spells                   Type           Power      Damage    Failure   Level
 Inner Flame              Hex/Fire       2%         N/A       83%         3
 Portal Projectile        Hex/Tloc       4%         N/A       83%         3
 Cause Fear               Hex            2%         N/A       98%         4

Inventory:

Hand Weapons
 Y - a +1 sling (weapon)
Armour
 i - a +0 ring mail (worn)
Jewellery
 b - an amulet of the acrobat
Scrolls
 a - a scroll of blinking {unknown}
 c - a scroll of identify {unknown}
 d - a scroll of enchant armour {unknown}
Potions
 e - a potion of might {unknown}
 f - a potion of enlightenment {unknown}
 g - 2 potions of curing {unknown}
 k - a potion of lignification {unknown}

Dungeon Overview and Level Annotations

Branches:
Dungeon (2/15)

Altars:


Message History

You shoot a sling bullet.
The sling bullet hits the frilled lizard.
You kill the frilled lizard!
A gnoll comes into view. It is wielding a +0 flail.
You shoot a sling bullet. The gnoll shouts!
The sling bullet hits the gnoll but does no damage.
The gnoll is severely wounded.
You shoot a sling bullet.
The sling bullet closely misses the gnoll.
The sling bullet hits the gnoll but does no damage.
You shoot a sling bullet. The sling bullet hits the gnoll.
You kill the gnoll!
The gnoll barely misses you.
You have reached level 4!
You feel agile.
You shoot a sling bullet.
The sling bullet hits the gnoll but does no damage.
The gnoll hits you from afar with a +0 halberd!
You shoot a sling bullet. The sling bullet hits the gnoll.
The gnoll is moderately wounded.
The gnoll hits you from afar with a +0 halberd.
The gnoll closely misses you.
You shoot a sling bullet.
The sling bullet closely misses the gnoll.
The gnoll hits you but does no damage. The gnoll barely misses you.
You shoot a sling bullet. The sling bullet hits the gnoll.
The gnoll is heavily wounded.
The gnoll hits you with a +0 flail.
The gnoll hits you from afar with a +0 halberd.
You shoot a sling bullet.
The sling bullet hits the gnoll but does no damage.
The gnoll is heavily wounded.
The gnoll barely misses you.
The gnoll hits you from afar with a +0 halberd!
The gnoll hits you with a +0 flail!
The gnoll hits you from afar with a +0 halberd.
You shoot a sling bullet.
The sling bullet completely misses the gnoll.
The gnoll hits you with a +0 flail.
You die...

#.#####..#..#
#.......##........#..#
#....?..#########....# #.......#
#....# ###.......# #....# #
#......... #..... # ...
#......g.##### ##..#. # ....
#........#...# ###..## ###....
......g@##...# #...... .......
.............+ +...... .......
#########....# #.....# [......
#######.#### #.....# .......
..........######.....#
...################...#..........
#####............<#.#............
#####.###########.#.##...........
..............# #.#.###..........


You could see 2 gnolls.

Vanquished Creatures
  An adder (D:2)
  A gnoll (D:2)
  A worm (D:2)
  2 dart slugs
  5 ball pythons
  An endoplasm (D:2)
  A giant cockroach (D:1)
  4 goblins
  6 hobgoblins
  4 jackals (D:1)
  A quokka (D:1)
  4 bats (D:2)
  3 frilled lizards
  6 kobolds
  3 rats
43 creatures vanquished.

Notes
Turn   | Place    | Note
-------+----------+-------------------------------------------
     0 | D:1      | qw the Minotaur Hexslinger began the quest for the Orb.
     0 | D:1      | Reached XP level 1. HP: 16/16 MP: 1/1
     0 | D:1      | 0 ||| qw: Version: 0.3-a-46-gb1f654a
     0 | D:1      | 0 ||| qw: Game counter: 1145
     0 | D:1      | 0 ||| qw: Melee chars always use a shield: true
     0 | D:1      | 0 ||| qw: God list: Okawaru
     0 | D:1      | 0 ||| qw: Allow faded altars: false
     0 | D:1      | 0 ||| qw: Do Orc after clearing Dungeon:15 true
     0 | D:1      | 0 ||| qw: Do second Lair branch before Depths: true
     0 | D:1      | 0 ||| qw: Lair rune preference: random
     0 | D:1      | 0 ||| qw: Goals: Normal
     0 | D:1      | 0 ||| PLANNING D:1-11
   202 | D:1      | 202 ||| FLEEEEING.
   203 | D:1      | 203 ||| FLEEEEING.
   204 | D:1      | 204 ||| FLEEEEING.
   205 | D:1      | 205 ||| FLEEEEING.
   208 | D:1      | 208 ||| FLEEEEING.
   209 | D:1      | 209 ||| FLEEEEING.
   210 | D:1      | 210 ||| FLEEEEING.
   211 | D:1      | 211 ||| FLEEEEING.
   212 | D:1      | 212 ||| FLEEEEING.
   214 | D:1      | 214 ||| FLEEEEING.
   215 | D:1      | 215 ||| FLEEEEING.
   217 | D:1      | 217 ||| FLEEEEING.
   218 | D:1      | 218 ||| FLEEEEING.
   219 | D:1      | 219 ||| FLEEEEING.
   220 | D:1      | 220 ||| FLEEEEING.
   221 | D:1      | 221 ||| FLEEEEING.
   222 | D:1      | 222 ||| FLEEEEING.
   223 | D:1      | 223 ||| FLEEEEING.
   224 | D:1      | 224 ||| FLEEEEING.
   225 | D:1      | 225 ||| FLEEEEING.
   226 | D:1      | 226 ||| FLEEEEING.
   227 | D:1      | 227 ||| FLEEEEING.
   228 | D:1      | 228 ||| FLEEEEING.
   229 | D:1      | 229 ||| FLEEEEING.
   230 | D:1      | 230 ||| FLEEEEING.
   231 | D:1      | 231 ||| FLEEEEING.
   232 | D:1      | 232 ||| FLEEEEING.
   233 | D:1      | 233 ||| FLEEEEING.
   234 | D:1      | 234 ||| FLEEEEING.
   235 | D:1      | 235 ||| FLEEEEING.
   236 | D:1      | 236 ||| FLEEEEING.
   237 | D:1      | 237 ||| FLEEEEING.
   243 | D:1      | Reached skill level 3 in Ranged Weapons
   243 | D:1      | Reached XP level 2. HP: 13/23 MP: 2/2
   528 | D:1      | Reached XP level 3. HP: 29/29 MP: 3/3
   560 | D:1      | Found a faded altar of an unknown god.
   676 | D:1      | 676 ||| UPGRADING to +0 leather armour.
   686 | D:1      | 686 ||| DROPPING +0 robe.
   687 | D:1      | 687 ||| UPGRADING to +0 ring mail.
   697 | D:1      | 697 ||| DROPPING +0 leather armour.
   698 | D:1      | 698 ||| DROPPING ring of magical power.
   699 | D:1      | 699 ||| READING scroll labelled VIULAFO VAICABO.
   700 | D:1      | 700 ||| READING scroll labelled HYRHOSE QOTI.
   705 | D:1      | 705 ||| DROPPING scroll of poison.
   831 | D:2      | Reached skill level 4 in Ranged Weapons
  1147 | D:2      | Reached skill level 1 in Armour
  1186 | D:2      | Reached XP level 4. HP: 36/36 MP: 4/4
  1190 | D:2      | HP: 7/36 [gnoll/+0 flail (9)]
  1190 | D:2      | HP: 2/36 [gnoll/+0 halberd (5)]
  1191 | D:2      | Slain by a gnoll

Levels and vault maps discovered:
D:1:      lemuel_arrival_muddy, layout_basic, ebering_ecumenical_altar_hall
D:2:      layout_basic, minmay_randomly_rotated_circles

Skill      XL: |  1  2  3 |
---------------+----------+-----
Ranged Weapons | 3 4 |  4.3
Fighting       | 2 |  2.0
Armour         | 1 |  1.0
Dodging        | |  2.1
Spellcasting   | |  1.0
Hexes          | |  2.0

Action                     |  1- 3 |  4- 6 || total
---------------------------+-------+-------++-------
   Fire: Sling             |   123 |     6 ||   129
    Use: Scroll            |     2 |       ||     2
 Armour: Robe              |     1 |       ||     1
         Ring mail         |    10 |     1 ||    11
  Dodge: Dodged            |    36 |     3 ||    39

Table legend:
 A = Non-vault XP
 B = Vault XP
 C = Vault XP percentage of total XP
 D = Non-vault monster count
 E = Vault monster count
 F = Vault count percentage of total count
                 A         B        C        D         E       F
            +---------+---------+-------+---------+---------+-------
      Total |      75 |      22 |  22.7 |      37 |       6 |  14.0
            +---------+---------+-------+---------+---------+-------
        D:1 |      43 |       0 |   0.0 |      24 |       0 |   0.0
        D:2 |      32 |      22 |  40.7 |      13 |       6 |  31.6
            +---------+---------+-------+---------+---------+-------
